[Event "Early-Titled-Tuesday-Blitz-April-02-2024"]
[Site "Chess.com"]
[Date "2024.04.02"]
[Round "5"]
[White "teresin05"]
[Black "Devil_Sun"]
[Result "1-0"]
[WhiteElo "2247"]
[BlackElo "2626"]
[TimeControl "180+1"]
[EndTime "8:56:38 PDT"]
[Termination "teresin05 won by resignation"]

1. e4 e6 2. d4 d5 3. Nc3 Bb4 4. e5 c5 5. Qg4 Ne7 6. dxc5 Bxc3+ 7.
bxc3 Qc7 8. Qxg7 Rg8 9. Qf6 Nd7 10. Qf4 Qxc5 11. Bd2 Ng6 12. Qh6 Ndxe5 13. Qxh7 Rh8 14. Qg7 Bd7 15. Qf6 Ng4 16. Qd4 Qxd4 17. cxd4 O-O-O 18. h3 Nf6 19. Nf3 Ne4 20. Bd3 Bc6 21.
Ng5 Nxg5 22. Bxg5 Rdg8 23. Be3 Nh4 24. g3 Nf3+ 25. Ke2 Ng5 26. h4 Ne4 27. Bxe4 dxe4 28. Rhe1 Bb5+ 29. Kd2 Rd8 30. c4 Bxc4 31. Rac1 b5 32.
Kc3 Rd5 33. Kb4 Kb7 34. Bf4 Kb6 35. Be5 a5+ 36. Kc3 Rc8 37. Kb2 Rc6 38. Rxe4 b4 39.
Rf4 Bb5 40. Rxc6+ Bxc6 41. Rxf7 a4 42. h5 Rd8 43. h6 a3+ 44. Kb3 Ka5 45. h7 Rc8 46.
Rc7 Ba4+ 47. Kc4 b3 48. axb3 a2 49. Rxc8 Bb5+ 50. Kc5 a1=Q 51. Ra8+ Ba6 52. h8=Q Qc3+ 53. Kd6 Qb4+ 54. Kxe6 Qb6+ 55. Bd6 Qxb3+ 56. d5 Qd3 57.
Qa1+ 1-0

[Event "Early-Titled-Tuesday-Blitz-April-02-2024"]
[Site "Chess.com"]
[Date "2024.04.02"]
[Round "5"]
[White "yaguigor"]
[Black "Sofia_Blokhin"]
[Result "1-0"]
[WhiteElo "2635"]
[BlackElo "2263"]
[TimeControl "180+1"]
[EndTime "8:56:41 PDT"]
[Termination "yaguigor won by resignation"]

1. e4 c5 2. Nf3 e6 3. d4 cxd4 4.
Nxd4 a6 5. Bd3 Qc7 6. O-O Nf6 7.
Qe2 d6 8. c4 Be7 9. Nc3 O-O 10.
Nf3 Nc6 11. Bf4 e5 12. Bg5 Bg4 13. Qe3 Bxf3 14. Qxf3 Nd4 15. Qd1 Qd7 16. Be3 Ne6 17. b4 Rac8 18. Nd5 Nxd5 19. exd5 Nd4 20. Bxd4 exd4 21. Qb3 Bf6 22. Rac1 b6 23. g3 Rfe8 24. Kg2 Re5 25. Rfe1 Rh5 26. h4 Bxh4 27. Be2 Rg5 28. Rh1 Bxg3 29. fxg3 Re8 30. Qd3 Re3 31. Qxh7+ Kf8 32. Qh8+ Ke7 33. Qh4 Rxe2+ 34. Kf1 Re5 35. Re1 Qf5+ 36. Kg2 f6 37. Rhf1 Qc2+ 38. Rf2 Qxc4 39.
Rxe5+ dxe5 40. Qe4 Qxb4 41. Rc2 Qa3 42. d6+ Qxd6 43. Qb7+ Ke6 44. Rc6 d3 45. Qc8+ Kd5 46.
Rxd6+ Kxd6 47. Qd8+ Kc5 48. Qxd3 Rg4 49. Qxa6 Rd4 50.
Qb7 Rd2+ 51. Kh3 Rxa2 52. Qe7+ Kc6 53. Qe6+ 1-0

[Event "Early-Titled-Tuesday-Blitz-April-02-2024"]
[Site "Chess.com"]
[Date "2024.04.02"]
[Round "5"]
[White "RuperezA"]
[Black "GnowReopard"]
[Result "0-1"]
[WhiteElo "2531"]
[BlackElo "2766"]
[TimeControl "180+1"]
[EndTime "8:56:42 PDT"]
[Termination "GnowReopard won by resignation"]

1. e4 e6 2. b3 d5 3. Bb2 dxe4 4.
Nc3 Nf6 5. Qe2 Nbd7 6. Nxe4 Be7 7. O-O-O O-O 8. g4 a5 9. a4 Nxe4 10. Qxe4 Nc5 11. Qe3 b6 12. Bg2 Bb7 13. Nf3 Qe8 14. d4 Na6 15. h4 b5 16. Qd3 Nb4 17. Qxb5 Bc6 18. Qe2 Rb8 19. Rhe1 Bxa4 20. Ng5 Bc6 21. Bxc6 Qxc6 22. Qe4 Qxe4 23. Nxe4 Nd5 24. h5 h6 25. Rd3 a4 26. bxa4 Ra8 27. c4 Nb6 28. c5 Nxa4 29. d5 exd5 30. Rxd5 Rfb8 31. Bd4 Rb4 32. Rd7 Rc4+ 33. Kd2 Bxc5 34. Nxc5 Nxc5 35. Bxc5 Rxc5 36. Ree7 Ra2+ 37. Ke3 Rc3+ 38. Kd4 Rf3 39. Rxc7 Raxf2 40. Re8+ Kh7 41. Rcc8 Rf4+ 42. Ke5 f6+ 43. Kd5 Rd2+ 44. Ke6 Re4+ 45. Kf7 Rd7+ 46. Kf8 Rxe8+ 47. Rxe8 Rd4 48. Kf7 Rxg4 49. Rf8 Rg5 50. Rg8 f5 51. Rf8 Rxh5 52. Ke6 Rg5 53. Rf7 Kg6 54. Rf8 Rg4 0-1

[Event "Early-Titled-Tuesday-Blitz-April-02-2024"]
[Site "Chess.com"]
[Date "2024.04.02"]
[Round "5"]
[White "IsaqueGoncalvesSanto"]
[Black "BestestBP"]
[Result "0-1"]
[WhiteElo "1904"]
[BlackElo "2207"]
[TimeControl "180+1"]
[EndTime "8:56:42 PDT"]
[Termination "BestestBP won on time"]

1. d4 Nf6 2. c4 e6 3. Nc3 Bb4 4. Bd2 O-O 5. f3 d5 6. a3 Be7 7. c5 b6 8. b4 a5 9. e3 axb4 10. axb4 Rxa1 11. Qxa1 bxc5 12. bxc5 Nc6 13. f4 Ng4 14. Nf3 f6 15. h3 Nh6 16. Bb5 Bd7 17. Qa2 Nb4 18. Qb1 Nc6 19. O-O Nf5 20. g4 Ng3 21.
Re1 f5 22. g5 h6 23. h4 hxg5 24. hxg5 g6 25. Kg2 Ne4 26. Nxe4 fxe4 27. Nh2 Kg7 28. Ng4 Bxg5 29. fxg5 Qxg5 30. Be2 e5 31. Qd1 Rf3 32. Bxf3 exf3+ 33. Qxf3 Bxg4 34. Qg3 exd4 35. Qxc7+ Kh6 36. Rh1+ Bh5+ 37. Kf1 Qf6+ 38. Qf4+ Qxf4+ 39. exf4 Kg7 40. Kf2 Kf6 41. Rc1 Kf5 42. Ra1 Ke4 43.
Ra6 Nd8 44. c6 Ne6 45. Ra7 Bg4 46. c7 Nc5 47. Ba5 Nd3+ 48. Kg1 Nxf4 49. Ra8 d3 50.
c8=Q Bxc8 51. Rxc8 d4 52. Kf2 Nh3+ 53. Kg3 Ng5 54.
Re8+ Kd5 55. Bd2 Ne4+ 56. Kf4 Nxd2 57. Rd8+ Kc4 58. Ke5 Kc3 59. Rxd4 Nc4+ 0-1

[Event "Early-Titled-Tuesday-Blitz-April-02-2024"]
[Site "Chess.com"]
[Date "2024.04.02"]
[Round "5"]
[White "Shuvalov"]
[Black "GiorgianBarbosa"]
[Result "0-1"]
[WhiteElo "2597"]
[BlackElo "2489"]
[TimeControl "180+1"]
[EndTime "8:56:43 PDT"]
[Termination "GiorgianBarbosa won by checkmate"]

1. d4 Nf6 2. c4 g6 3. Nc3 Bg7 4. e4 O-O 5. Nf3 c6 6. e5 Ne8 7. h4 d6 8. exd6 Nxd6 9. h5 Bg4 10. h6 Bh8 11. Be2 Nf5 12. Be3 Bxf3 13. Bxf3 Nxd4 14. Be4 Na6 15. g3 Nc5 16. Bg2 e5 17. O-O Nce6 18.
Qd2 f5 19. f4 e4 20. Rfd1 c5 21. Nd5 Rc8 22. Rac1 Rc6 23. b4 b6 24. b5 Rd6 25.
Qf2 Nc7 26. Nc3 Bf6 27. Rd2 Rf7 28. Rcd1 Rfd7 29. Kh2 Nce6 30. Nd5 Bh8 31. Rh1 Nc7 32. Nc3 Qe8 33. Kg1 Qe6 34. Qf1 Bf6 35. Rh2 Qf7 36.
Bh1 Nf3+ 37. Bxf3 Bxc3 38. Rxd6 Rxd6 39. Rc2 Bd4 40. Bxd4 cxd4 41. Bg2 Ne6 42. c5 Nxc5 43. Rxc5 bxc5 44. a4 d3 45. Qf2 d2 46. Qxc5 d1=Q+ 47. Kh2 Qh5+ 48. Kg1 Rd1+ 49. Kf2 Rd2+ 50. Kg1 Rxg2+ 51.
Kxg2 Qf3+ 52. Kh3 Qh5+ 53. Kg2 Qxh6 54. Qc8+ Qhf8 55. Qc3 Qd6 56. Qc8+ Kg7 57. Qc3+ Qdf6 58. Qc5 Qa2+ 59. Kh3 Qfb2 60. Qc7+ Kh6 61. Qc2 Qxc2 62. g4 Qh2# 0-1

[Event "Early-Titled-Tuesday-Blitz-April-02-2024"]
[Site "Chess.com"]
[Date "2024.04.02"]
[Round "5"]
[White "Journey_to_GrandMaster_YT"]
[Black "JJDAREK"]
[Result "0-1"]
[WhiteElo "2562"]
[BlackElo "2344"]
[TimeControl "180+1"]
[EndTime "8:56:44 PDT"]
[Termination "JJDAREK won by resignation"]

1. d4 d6 2. Nf3 g6 3. g3 Bg7 4.
Bg2 Nf6 5. O-O O-O 6. b3 c6 7. Bb2 Bf5 8. Nh4 Bd7 9. e4 a5 10. e5 Ne8 11. f4 f6 12. f5 gxf5 13. Nxf5 Bxf5 14. Rxf5 fxe5 15. Rxf8+ Kxf8 16. dxe5 Nd7 17. Qh5 Qb6+ 18. Kh1 Bxe5 19. Bxe5 Nxe5 20. Qxh7 Qd4 21. Nc3 Qxc3 22. Rf1+ Nf6 23. Qh8+ Kf7 24. Qxa8 Qxc2 25. Qxa5 b5 26. a4 Ng4 27. Qe1 bxa4 28. bxa4 Qxa4 29. Qe4 Qxe4 30. Bxe4 d5 31. Bf3 Ke6 32. Bxg4+ Nxg4 33. h3 Ne3 34. Rf3 d4 35. h4 c5 36. h5 Ng4 37. Rf4 Nh6 38. g4 d3 39. g5 d2 40. Rf1 Nf5 41. h6 Ng3+ 42. Kg2 Nxf1 43. h7 d1=Q 44. h8=Q Qe2+ 45. Kg1 Ne3 46. Qh3+ Kd6 47.
Qg3+ e5 48. g6 Qf1+ 49. Kh2 Nf5 50. Qg5 Qf4+ 51. Qxf4 exf4 52. Kg2 Ke5 53. Kf3 c4 54. Ke2 Ng7 55. Kd2 Kf5 56. Kc3 Kxg6 57. Kxc4 Kg5 58.
Kd3 Kg4 59. Ke2 f3+ 60. Kf2 Kf4 61. Kf1 Nf5 62. Ke1 Ne3 63. Kf2 Ng4+ 64. Kf1 Kg3 65. Kg1 f2+ 66. Kf1 Nh2+ 67. Ke2 f1=Q+ 0-1

[Event "Early-Titled-Tuesday-Blitz-April-02-2024"]
[Site "Chess.com"]
[Date "2024.04.02"]
[Round "5"]
[White "Vahe_Danielyan"]
[Black "KuzubovYuriy"]
[Result "1/2-1/2"]
[WhiteElo "2627"]
[BlackElo "2911"]
[TimeControl "180+1"]
[EndTime "8:56:46 PDT"]
[Termination "Game drawn by repetition"]

1. e4 c5 2. Nc3 d6 3. d4 cxd4 4.
Qxd4 Nf6 5. b3 Nc6 6. Qd2 a5 7.
f3 g6 8. Bb2 Bg7 9. O-O-O Be6 10. Nge2 O-O 11. Nf4 Bd7 12. a4 Bh6 13. Kb1 e5 14. Nce2 exf4 15. Qxd6 Be6 16. Qxd8 Rfxd8 17. Rxd8+ Rxd8 18. Bxf6 Rd1+ 19. Kb2 Nb4 20. Nd4 Bg7 21.
Bxg7 Kxg7 22. Nxe6+ fxe6 23. g3 Rd2 24. Kc3 Rxc2+ 25.
Kd4 Nc6+ 26. Kd3 Rb2 27. Kc4 Ne5+ 28. Kc3 Rf2 29. gxf4 Rxf3+ 30. Kd4 Nc6+ 31. Kc5 Rxf4 32. Bd3 Rf3 33. Bc4 Kf6 34. Kb6 Ne5 35. Rc1 Nxc4+ 36.
bxc4 Rb3+ 37. Kxa5 g5 38. c5 g4 39. Rc4 h5 40. Rb4 Rxb4 41. Kxb4 h4 42. c6 bxc6 43. a5 g3 44. hxg3 hxg3 45. a6 g2 46. a7 g1=Q 47. a8=Q Qd4+ 48. Kb3 Qxe4 49. Qh8+ Ke7 50. Qg7+ Kd6 51.
Qf8+ Kd5 52. Qd8+ Ke5 53. Qh8+ Kf4 54. Qh4+ Ke5 55. Qh8+ Kd6 56. Qd8+ Kc5 57. Qa5+ Kd4 58. Qc3+ Kd5 59. Qa5+ c5 60. Qa8+ Kd4 61. Qa1+ Kd5 62. Qa8+ Ke5 63. Qh8+ Kd6 64. Qd8+ Ke5 65. Qh8+ Kf4 66.
Qh4+ Ke3 67. Qe1+ Kd4 68. Qa1+ Kd3 69. Qd1+ Ke3 70. Qe1+ Kf4 71. Qh4+ Ke5 72. Qh8+ 1/2-1/2

[Event "Early-Titled-Tuesday-Blitz-April-02-2024"]
[Site "Chess.com"]
[Date "2024.04.02"]
[Round "5"]
[White "Hamisandwich"]
[Black "dropstoneDP"]
[Result "1/2-1/2"]
[WhiteElo "2716"]
[BlackElo "2999"]
[TimeControl "180+1"]
[EndTime "8:56:49 PDT"]
[Termination "Game drawn - insufficient material"]

1. c3 Nf6 2. g3 d5 3. Bg2 e5 4. d3 h6 5. Nf3 Nc6 6. b4 Bd6 7. b5 Ne7 8. Ba3 a6 9. Bxd6 Qxd6 10.
c4 dxc4 11. dxc4 Qxd1+ 12. Kxd1 axb5 13. Nxe5 Ng4 14. Nxg4 Bxg4 15. cxb5 c6 16. Nc3 O-O 17. Kc2 cxb5 18. Bxb7 Rab8 19. Bf3 Bxf3 20. exf3 Rfc8 21. Kb2 Nc6 22. Rac1 Ne5 23. Rhd1 b4 24. Nd5 Rxc1 25. Kxc1 Nxf3 26. Rd3 Nxh2 27. Rb3 Ng4 28. Rxb4 Rxb4 29. Nxb4 Nxf2 30. a4 Ne4 31. a5 Nd6 32. a6 Nb5 33. Nc6 Kf8 34. Kd2 Ke8 35. a7 Nc7 36. Ke3 Kd7 37.
Nb8+ Kc8 38. Na6 Na8 39. Nc5 Kc7 40. Ne4 Kb6 41. Nd6 Kxa7 42. Nxf7 Kb6 43. Kf4 Nc7 44.
Kf5 Kc5 45. Nd8 Kd5 46. Kg6 Ne8 47. Kf7 Ke5 48. Kxe8 Kf5 49. Kf7 g5 50. Ne6 h5 51.
Ng7+ Kg4 52. Kg6 h4 53. gxh4 gxh4 54. Nf5 h3 55. Ne3+ Kf3 56. Nf1 Kg2 57. Ne3+ Kf2 58. Ng4+ Kg3 59. Kg5 h2 60. Nxh2 1/2-1/2

[Event "Early-Titled-Tuesday-Blitz-April-02-2024"]
[Site "Chess.com"]
[Date "2024.04.02"]
[Round "5"]
[White "Robert_Chessmood"]
[Black "bubeliang"]
[Result "1-0"]
[WhiteElo "2976"]
[BlackElo "2783"]
[TimeControl "180+1"]
[EndTime "8:56:51 PDT"]
[Termination "Robert_Chessmood won by checkmate"]

1. e4 c6 2. d4 d5 3. exd5 cxd5 4. Bd3 Nc6 5. c3 Qc7 6. h3 g6 7. Ne2 Nf6 8. Bf4 Qb6 9. Qb3 Qxb3 10. axb3 Bf5 11. Nc1 Bg7 12. g4 Be4 13. Bxe4 Nxe4 14. f3 Nf6 15. Nd3 O-O 16. b4 Nd7 17. Nd2 f6 18. b5 Nd8 19. Be3 e5 20. Nb4 Re8 21.
Kf2 Ne6 22. Nb3 f5 23. gxf5 gxf5 24. dxe5 Nxe5 25. Rhg1 Nc7 26. Nd4 Kf7 27. Nxf5 Bf8 28. f4 Nc4 29. Bd4 Nxb5 30. Nxd5 Nxd4 31. Nxd4 Rad8 32.
Rg5 h6 33. Rf5+ Kg7 34. Rxa7 Nd6 35. Re5 Kh8 36. Rxe8 Rxe8 37. Kf3 Rd8 38. Ne6 Re8 39. Nxf8 Rxf8 40. Ra4 Rd8 41. Ne3 Rf8 42. Rd4 Rf6 43. Rd5 Kg8 44. Ng4 Rg6 45. f5 Rg5 46. Rxd6 Rxf5+ 47. Ke4 Rb5 48. Rxh6 Rxb2 49. Rh5 Kf7 50.
Rf5+ Ke7 51. Re5+ Kd7 52. Rd5+ Kc7 53. Rd3 Kb8 54. Rf3 Rb1 55. Kf4 Re1 56. Kg5 Ra1 57.
h4 Ra3 58. h5 Ra5+ 59. Rf5 Ra3 60. h6 Rxc3 61. h7 Rc8 62. Nf6 Ka7 63. Ng8 Rc1 64. h8=Q b5 65. Qe5 Rc6 66. Rf7+ Ka6 67. Rf6 Rxf6 68.
Nxf6 Ka5 69. Nd5 Ka4 70. Qb2 Ka5 71. Qa1# 1-0

[Event "Early-Titled-Tuesday-Blitz-April-02-2024"]
[Site "Chess.com"]
[Date "2024.04.02"]
[Round "5"]
[White "Al_Shima"]
[Black "Rodalquilar"]
[Result "1-0"]
[WhiteElo "2482"]
[BlackElo "2729"]
[TimeControl "180+1"]
[EndTime "8:56:53 PDT"]
[Termination "Al_Shima won on time"]

1. e4 d5 2. exd5 Qxd5 3. Nc3 Qa5 4. Bc4 Nf6 5. d3 Bg4 6. Ne2 Nc6 7. Be3 e6 8. h3 Bxe2 9. Qxe2 Bb4 10. Bd2 Nd4 11. Qd1 Qe5+ 12. Be3 Nf5 13. Qd2 Nd5 14. Bxd5 exd5 15.
d4 Qe6 16. O-O-O Nd6 17. Qd3 O-O-O 18. Rhe1 Nc4 19. a3 Qb6 20. Na4 Qb5 21. axb4 Qxa4 22. c3 Rd6 23. Bf4 Rc6 24. Qf5+ Kb8 25. Qc2 Qb5 26. Re7 a5 27. bxa5 Qxa5 28. Rde1 Ka7 29. Rxf7 Rc8 30. Ree7 Na3 31. Qb3 Nb5 32. Kd2 Rb6 33. Qb4 Qxb4 34. cxb4 Nxd4 35. Bxc7 Rxb4 36. Bd6 Rxb2+ 37. Ke3 Nb5 38. Be5 Rb3+ 39. Kf4 Rc4+ 40.
Kf5 g6+ 41. Ke6 Rc6+ 42. Kd7 d4 43. Ke8 Nc3 44. Bxd4+ Ka6 45. Bxc3 Rbxc3 46. Rxh7 Rc8+ 47. Kf7 b5 48. Kxg6 Rg8+ 49. Rhg7 Rf8 50. Ref7 Rb8 51. Rf6+ Ka5 52. h4 b4 53. h5 b3 54. Ra7+ Kb4 55. Rf4+ Kc5 56. Rc7+ Kd5 57. Rxc3 b2 58. Rd3+ Ke5 59. Rf5+ Ke4 60. Rd1 Rb6+ 61. Rf6 Rb7 62. h6 Rd7 63. Rb1 Rd1 64. Rxd1 b1=Q 65. Rxb1 1-0

[Event "Early-Titled-Tuesday-Blitz-April-02-2024"]
[Site "Chess.com"]
[Date "2024.04.02"]
[Round "5"]
[White "vangulio"]
[Black "FGHSMN"]
[Result "0-1"]
[WhiteElo "2547"]
[BlackElo "2910"]
[TimeControl "180+1"]
[EndTime "8:56:53 PDT"]
[Termination "FGHSMN won on time"]

1. e4 e5 2. Nf3 Nc6 3. Bb5 a6 4. Ba4 Nf6 5. O-O d6 6. Re1 Bd7 7. c3 g6 8. d4 Bg7 9. Nbd2 O-O 10. Nf1 exd4 11. cxd4 b5 12. Bb3 Bg4 13. Be3 Na5 14.
Bc2 Nc4 15. Bc1 Nd7 16. b3 Bxf3 17. gxf3 Ncb6 18. Ng3 c5 19. Be3 Rc8 20. Rc1 Qh4 21. dxc5 dxc5 22. f4 Nf6 23. Qf3 Ng4 24. Qg2 Nxe3 25.
fxe3 c4 26. e5 Qe7 27. Ne4 Rcd8 28. Rcd1 Nd5 29. bxc4 bxc4 30. Nd6 Nc3 31. Rd4 Nb5 32. Rxc4 Nxd6 33. exd6 Rxd6 34. Qe4 Qh4 35. Re2 Rfd8 36.
Qf3 Qf6 37. Kg2 Qa1 38. Bb3 a5 39. Rc7 Rf8 40. Qe4 Qf6 41. Rec2 Qh4 42. Qf3 g5 43. R7c4 gxf4 44. Rxf4 Rg6+ 45. Kf1 Qe7 46. Rc6 Rxc6 47. Qxc6 Qxe3 48. Qf3 Qe7 49. Re4 Qg5 50. Rf4 Kh8 51.
Rg4 Qc1+ 52. Kg2 f5 53. Rf4 Qb2+ 54. Kf1 Qa1+ 55. Kg2 Qe5 56. Bc2 Qb2 57. Qf2 Rg8 58. Kf1 Qc1+ 59. Kg2 Bd4+ 60. Kh3 Bxf2 61. Rxf5 Qe3+ 0-1

[Event "Early-Titled-Tuesday-Blitz-April-02-2024"]
[Site "Chess.com"]
[Date "2024.04.02"]
[Round "5"]
[White "tusplingher"]
[Black "Felix-Rose"]
[Result "0-1"]
[WhiteElo "2501"]
[BlackElo "2322"]
[TimeControl "180+1"]
[EndTime "8:56:53 PDT"]
[Termination "Felix-Rose won by checkmate"]

1. e4 e5 2. Nf3 Nc6 3. Nc3 Nf6 4. Bb5 Bb4 5. Bxc6 dxc6 6. d3 Nd7 7. O-O O-O 8. Ne2 Be7 9. h3 f6 10. Nh2 Nc5 11. b3 Ne6 12. Kh1 Bd6 13. f4 Nxf4 14. Nxf4 exf4 15. Bxf4 Bxf4 16. Rxf4 Qd6 17. Rf2 a5 18. a4 Be6 19. Qd2 Rfd8 20. Raf1 b5 21. Qc3 b4 22. Qe1 c5 23. Qe3 Re8 24. Nf3 Bd7 25.
Qc1 c4 26. dxc4 Rxe4 27. Rd2 Qe7 28. Qd1 Bc6 29. Nd4 Bd7 30. Nf3 Bc6 31. Nd4 Bd7 32.
Qf3 Re8 33. Nf5 Bxf5 34. Qxf5 Re5 35. Qf3 Rd8 36. Rxd8+ Qxd8 37. Rd1 Qe8 38. Qf4 Re1+ 39. Rxe1 Qxe1+ 40. Kh2 Qe5 41. Qxe5 fxe5 42. Kg3 Kf7 43. Kf3 Ke6 44. Ke4 g5 45. c5 h5 46. g3 g4 47.
hxg4 hxg4 48. c6 Kf6 49. Kd5 Kf5 50. Kc5 Ke4 51. Kb5 Kf3 52. Ka6 e4 53. Kb7 e3 54.
Kxc7 e2 55. Kb8 e1=Q 56. c7 Qxg3 57. Ka8 Qxc7 58. c4 bxc3 59. b4 c2 60. b5 c1=Q 61. b6 Qc8+ 62. Ka7 Qd8 63. Ka6 Qc4+ 64. Ka7 Qe7+ 65. b7 Qcc5+ 66. Ka8 Qd8+ 67. b8=Q Qc6+ 68. Ka7 Qxb8+ 69. Kxb8 Qxa4 70. Ka7 Qd7+ 71. Kb6 a4 72. Kc5 a3 73. Kb4 a2 74. Kc4 Qe6+ 75. Kb4 a1=Q 76.
Kc5 Qae5+ 77. Kb4 Q6d6+ 78. Kb3 g3 79. Kc4 g2 80. Kb3 g1=Q 81. Kc4 Qc1+ 82. Kb3 Qb5+ 83. Ka2 Qda3# 0-1

[Event "Early-Titled-Tuesday-Blitz-April-02-2024"]
[Site "Chess.com"]
[Date "2024.04.02"]
[Round "5"]
[White "NikitaShnadrygin"]
[Black "JimDiGrease"]
[Result "0-1"]
[WhiteElo "2684"]
[BlackElo "2960"]
[TimeControl "180+1"]
[EndTime "8:56:55 PDT"]
[Termination "JimDiGrease won on time"]

1. e4 c5 2. Nf3 e6 3. d4 cxd4 4.
Nxd4 Nf6 5. Nc3 Nc6 6. Ndb5 Bc5 7. Bf4 O-O 8. Bc7 Qe7 9. Bd6 Bxd6 10. Qxd6 Qd8 11.
Nc7 Rb8 12. Bb5 a6 13. Bxc6 dxc6 14. e5 Ng4 15. Rd1 Qg5 16. Nxa6 Ra8 17. Nc7 Ra5 18. O-O Qxe5 19. h3 Nf6 20. b4 Qxd6 21. Rxd6 Ra3 22.
Rd3 b5 23. Rfd1 Ra7 24. N7xb5 cxb5 25. Nxb5 Rxa2 26. c4 Ba6 27. Nd6 g6 28. b5 Bc8 29.
b6 Rb2 30. Nxc8 Rxc8 31. Rd8+ Rxd8 32. Rxd8+ Kg7 33. c5 Nd5 34. Rc8 Kf6 35. Rb8 Ke5 36. c6 f5 37. c7 Nxb6 38. Rxb6 Rc2 39. Rb7 h6 40. f3 g5 41. Kh2 h5 42. Ra7 f4 43. Ra5+ Kf6 44. Ra7 Kf5 45. Kg1 g4 46. hxg4+ hxg4 47. Ra5+ e5 48. Ra7 g3 49. Kf1 Ke6 50. Ra6+ Kd5 51. Ra5+ Kd6 52. Ra6+ Kxc7 53. Re6 Rf2+ 54. Kg1 Rc2 55. Kf1 Rc1+ 56. Ke2 Rg1 57. Rxe5 Rxg2+ 58. Kd3 Rf2 59. Rc5+ Kd6 60. Rg5 Rxf3+ 61.
Ke4 Rf2 62. Rg6+ Ke7 63. Rg4 g2 64. Rg6 f3 0-1

[Event "Early-Titled-Tuesday-Blitz-April-02-2024"]
[Site "Chess.com"]
[Date "2024.04.02"]
[Round "5"]
[White "lilleper1"]
[Black "Hikaru"]
[Result "1/2-1/2"]
[WhiteElo "2918"]
[BlackElo "3262"]
[TimeControl "180+1"]
[EndTime "8:56:56 PDT"]
[Termination "Game drawn - insufficient material"]

1. e4 c6 2. Nf3 d5 3. Nc3 Bg4 4.
h3 Bxf3 5. Qxf3 e6 6. d4 Nf6 7. Qd3 Bb4 8. exd5 cxd5 9. Qb5+ Nc6 10. Qxb7 Nxd4 11. Bd3 Qb8 12. Qa6 O-O 13. O-O Rc8 14. Be3 Nc6 15. Ne2 Ne5 16. Bg5 Nfd7 17. Qb5 Nc5 18.
Qxb8 Raxb8 19. Bf4 f6 20. a3 Ncxd3 21. cxd3 Bd6 22. d4 Nf7 23. Bxd6 Nxd6 24. Rab1 Rc2 25. Nf4 Kf7 26. Rfe1 Ne4 27. f3 Nd2 28. Rbc1 Rxc1 29. Rxc1 Nc4 30. b4 Rb7 31. Re1 Rb6 32. g4 a6 33. Ra1 a5 34. bxa5 Nxa5 35. Rc1 Nc4 36. Rc3 g5 37. Nd3 Ra6 38. Rb3 Na5 39. Rb5 Nc6 40.
Rb7+ Kg6 41. Nc5 Ra8 42. Nxe6 Re8 43. Ng7 Re7 44. Rxe7 Nxe7 45. Ne6 Nc6 46. Nc7 Nxd4 47. Nxd5 Nxf3+ 48. Kf2 Ne5 49. a4 Nc6 50. Nb6 f5 51. gxf5+ Kxf5 52. Nc4 Kf4 53. Ne3 Nb4 54. Nc4 h5 55.
Ne3 Nd3+ 56. Ke2 Nc1+ 57. Kf2 Nd3+ 58. Ke2 Nc5 59. a5 Kg3 60. Nd5 Kxh3 61. Nf6 Kh4 62. Kf3 g4+ 63. Kg2 Kg5 64. Ne4+ Nxe4 65. a6 h4 66. a7 h3+ 67. Kg1 g3 68. a8=Q h2+ 69. Kg2 Nf2 70. Qd5+ Kf6 71. Qd6+ Kf7 72. Qf4+ Ke6 73.
Qh6+ Kd7 74. Kxg3 h1=Q 75. Qxh1 Nxh1+ 1/2-1/2

[Event "Early-Titled-Tuesday-Blitz-April-02-2024"]
[Site "Chess.com"]
[Date "2024.04.02"]
[Round "5"]
[White "GM4life"]
[Black "RobertoJBM"]
[Result "0-1"]
[WhiteElo "2583"]
[BlackElo "2808"]
[TimeControl "180+1"]
[EndTime "8:56:59 PDT"]
[Termination "RobertoJBM won by resignation"]

1. Nf3 d5 2. g3 Bg4 3. Bg2 Nd7 4. O-O Ngf6 5. d3 e5 6. Nbd2 Bd6 7. Qe1 O-O 8. e4 c6 9. Nh4 Re8 10. a4 Nf8 11. a5 a6 12. h3 Bd7 13. c3 Rc8 14. b4 Rc7 15. Ba3 Bc8 16. c4 dxe4 17. Nxe4 Nxe4 18. dxe4 Ne6 19. Rd1 Nd4 20. Bb2 c5 21.
b5 axb5 22. cxb5 Nxb5 23. Nf5 Nd4 24. Ne3 Be6 25. Nd5 Bxd5 26. exd5 Rce7 27. Qd2 Nb3 28. Qc3 Nxa5 29. Ra1 b6 30. Ra4 f5 31. Rb1 e4 32.
Bc1 Be5 33. Qd2 Rd7 34. Qg5 Qxg5 35. Bxg5 Bc7 36. d6 Rxd6 37. Bf4 Rd7 38. Bxc7 Rxc7 39.
Rxb6 Nc6 40. f3 Nd4 41. fxe4 fxe4 42. Rd6 Nf5 43. Rda6 e3 44. Bd5+ Kh8 45. Re6 Rd8 46. g4 g6 47. gxf5 Rxd5 48. f6 Kg8 49. Rxe3 Kf7 50. Rf3 Rd6 51. Rc4 Rxf6 52. Rfc3 Rf5 53. Kg2 Ke6 54. Kg3 Kd5 55. Rc1 Re5 56. Kf4 Rf7+ 57.
Kg3 Kc6 58. h4 Rff5 59. Kg4 Rd5 60. Kg3 Kd6 61. R1c3 Rd4 62. Rxd4+ cxd4 63. Rc8 Rf7 64. Kg4 Kd5 65. Kg5 d3 66. Rd8+ Ke4 67. h5 Rf5+ 68.
Kg4 Rxh5 69. Re8+ Re5 70. Rd8 Ke3 71. Kg3 h5 72. Kh4 Re4+ 73. Kg5 Rg4+ 74. Kh6 d2 75. Re8+ Re4 76. Rd8 Rd4 0-1

[Event "Early-Titled-Tuesday-Blitz-April-02-2024"]
[Site "Chess.com"]
[Date "2024.04.02"]
[Round "5"]
[White "Caracal3000"]
[Black "Yan_Dyomin2010"]
[Result "1/2-1/2"]
[WhiteElo "2547"]
[BlackElo "2688"]
[TimeControl "180+1"]
[EndTime "8:57:00 PDT"]
[Termination "Game drawn - insufficient material"]

1. e4 c5 2. Nf3 d6 3. d4 cxd4 4. Nxd4 Nf6 5. Nc3 g6 6. Be3 Bg7 7. f3 Nc6 8. Qd2 h5 9. O-O-O Nxd4 10. Bxd4 Be6 11. Bb5+ Kf8 12. Ba4 Qa5 13. Bb3 Bxb3 14. cxb3 Bh6 15. Be3 Bxe3 16. Qxe3 Rc8 17. Kb1 Qc5 18.
Qxc5 Rxc5 19. b4 Rc7 20. Nb5 Rc4 21. Nxa7 Rxb4 22. Rc1 Kg7 23. a3 Rb6 24. Nc8 Rb5 25. Nxe7 Re8 26. Rc7 d5 27. Nc8 Re6 28. Rd1 dxe4 29.
Nd6 Rd5 30. Rxd5 Nxd5 31. Rxf7+ Kg8 32. fxe4 Rxd6 33. Rxb7 Ne3 34. a4 Ra6 35. b3 Nxg2 36. Kb2 Ne1 37. Kc3 Nf3 38. Kb4 Nxh2 39. Kb5 Re6 40. a5 Nf3 41. a6 Nd4+ 42. Kc4 Rxa6 43.
Kxd4 h4 44. Ke3 Rf6 45. Ra7 g5 46. Ra5 Rg6 47. Kf3 g4+ 48. Kg2 Kg7 49. Rh5 h3+ 50. Kg3 Kf6 51. b4 Ke6 52. b5 Kd7 53. Rh7+ Kc8 54. e5 Kd8 55. e6 Rxe6 56. Kxg4 Rb6 57.
Rxh3 Rxb5 58. Rg3 Kd7 59. Kh3 Ke6 60. Kg4 Kf6 61. Kh3 Kf5 62. Kh4 Rb1 63. Ra3 Rg1 64.
Ra5+ Kf4 65. Ra4+ Ke3 66. Ra3+ Kd2 67. Rg3 Rxg3 68. Kxg3 1/2-1/2

[Event "Early-Titled-Tuesday-Blitz-April-02-2024"]
[Site "Chess.com"]
[Date "2024.04.02"]
[Round "5"]
[White "JoliyRoger"]
[Black "masnyszachistaaa"]
[Result "1-0"]
[WhiteElo "2430"]
[BlackElo "2579"]
[TimeControl "180+1"]
[EndTime "8:57:00 PDT"]
[Termination "JoliyRoger won by resignation"]

1. d4 Nf6 2. c4 g6 3. Nc3 d5 4. Nf3 Bg7 5. Bg5 Ne4 6. cxd5 Nxg5 7. Nxg5 e6 8. Nf3 exd5 9. e3 O-O 10. b4 Re8 11. Be2 Be6 12. O-O Nd7 13. Rc1 Nb6 14. Na4 Nxa4 15. Qxa4 a6 16. Qc2 c6 17. a4 Qb6 18. Qc5 Qxc5 19. bxc5 Rac8 20. Nd2 Bf6 21. Rb1 Rc7 22. Nb3 Bc8 23. h3 Bd8 24. Nd2 f5 25.
Bd3 Bf6 26. Nf3 Kg7 27. g3 Rf7 28. Rb3 Rc7 29. Kg2 Bd8 30. Rfb1 Be7 31. h4 Kf6 32. Ng5 h6 33. Nf3 Rh8 34. Rh1 Kg7 35. Rbb1 Bf6 36. Ng1 Rf8 37. Ne2 Re8 38. Nf4 Bd8 39. Rh2 Rce7 40. Bc2 Bc7 41. Nd3 Rf7 42. Re1 Bb8 43. f4 Bc7 44. Ne5 Bxe5 45. fxe5 Be6 46. Rf1 Ref8 47.
Kg1 Rb8 48. Rb1 a5 49. Rf2 Re8 50. Bd3 Ree7 51. Kg2 Bc8 52. Kf1 Rc7 53. Ke2 Rfe7 54. Kd2 Be6 55. Rbf1 Rf7 56. h5 Rf8 57. hxg6 Kxg6 58.
g4 Rcf7 59. gxf5+ Bxf5 60. Rg1+ Kh7 61. Rxf5 Rxf5 62. Rf1 Kg6 63. e6 Kg5 64. Rxf5+ Rxf5 65. Bxf5 Kf6 66. Ke2 h5 67. Kf3 h4 68. Kg2 b5 69. cxb6 1-0

[Event "Early-Titled-Tuesday-Blitz-April-02-2024"]
[Site "Chess.com"]
[Date "2024.04.02"]
[Round "5"]
[White "Byniolus"]
[Black "artin10862"]
[Result "1-0"]
[WhiteElo "2780"]
[BlackElo "2915"]
[TimeControl "180+1"]
[EndTime "8:57:01 PDT"]
[Termination "Byniolus won on time"]

1. d4 Nf6 2. Nf3 e6 3. Bf4 h6 4. h3 b6 5. Nbd2 Bb7 6. e3 g6 7. Be2 Bg7 8. a4 a6 9. O-O O-O 10. c3 d6 11. Bh2 Nbd7 12. Qb3 Rb8 13. Rfd1 Qe7 14. Qa3 Rfc8 15. Rac1 c5 16. Nc4 d5 17. Nd6 Re8 18. Nxb7 Rxb7 19. Bxa6 Ra7 20. Bb5 Rea8 21. Qb3 Bf8 22. Ne5 Nxe5 23. Bxe5 Nd7 24. Bg3 Rc8 25. Qc2 Nf6 26. Bh4 Qd8 27. Qe2 Be7 28. c4 dxc4 29. dxc5 Nd5 30. Bxe7 Qxe7 31. c6 c3 32. bxc3 Qc5 33. Qf3 Rac7 34. c4 Ne7 35. Rd7 Kg7 36.
Rcd1 Nf5 37. Qf4 e5 38. Qe4 Ne7 39. Qf3 Nf5 40. g4 Ne7 41. h4 Kf8 42. Qf6 Rxd7 43. cxd7 Rd8 44. Qh8+ Ng8 45. h5 Qe7 46. hxg6 fxg6 47.
a5 Qg5 48. Kf1 Qxg4 49. Rd2 Qh3+ 50. Ke2 Qg4+ 51. Kd3 Qf5+ 52. Kc3 bxa5 53. c5 Qe6 54. Bc4 Qf6 55. Qxg8+ Ke7 56. Qd5 Kf8 57. Qd6+ Qxd6 58. Rxd6 Ke7 59. Rd5 Rxd7 60. Rxe5+ Kf6 61. Rd5 Rc7 62.
Rd6+ Kg5 63. Kd4 a4 64. Ra6 Rd7+ 65. Bd5 Rf7 66. Bxf7 1-0